 Dungeon Crawl Stone Soup version 0.28.0-53-g5a82cb258f (webtiles) character file.

Game seed: 17502362368626770236

424 Sin92 the Skirmisher (level 6, -1/48 HPs)
             Began as a Demonspawn Fighter on June 3, 2022.
             Slain by a gnoll sergeant
             ... wielding a +0 trident
              (11 damage)
             ... on level 4 of the Dungeon.
             The game lasted 00:05:08 (3912 turns).

Sin92 the Skirmisher (Demonspawn Fighter)           Turns: 3912, Time: 00:05:09

Health: -1/48      AC:  9    Str: 19    XL:     6   Next: 64%
Magic:  6/6        EV:  7    Int:  9    God:
Gold:   124        SH:  8    Dex: 12    Spells: 5/5 levels left

rFire   . . .      SeeInvis .   a - +0 war axe
rCold   . . .      Faith    .   c - +0 buckler
rNeg    . . .      Spirit   .   g - +0 chain mail
rPois   .          Reflect  .   (no helmet)
rElec   .          Harm     .   (no cloak)
rCorr   .          Rampage  .   (no gloves)
Will    .....                   (no boots)
Stlth   ..........              (no amulet)
HPRegen 0.16/turn               (no ring)
MPRegen 0.10/turn               (no ring)

@: mighty
A: foul stench 1, condensation shield, demonic touch 2
a: no special abilities


You were on level 4 of the Dungeon.
You visited 1 branch of the dungeon, and saw 4 of its levels.

You collected 124 gold pieces.

Inventory:

Hand Weapons
 a - a +0 war axe (weapon)
Missiles
 l - 2 throwing nets (quivered)
Armour
 b - a +0 scale mail
 c - a +0 buckler (worn)
 g - a +0 chain mail (worn)
Scrolls
 f - a scroll of blinking
 h - 4 scrolls of identify
 i - 2 scrolls of torment


   Skills:
 + Level 4.1 Fighting
 * Level 4.0 Axes
 + Level 3.6 Armour
 + Level 2.3 Dodging
 + Level 3.6 Shields


You had 5 spell levels left.
You didn't know any spells.
Your spell library was empty.

Dungeon Overview and Level Annotations

Branches:
Dungeon (4/15)
 Temple: D:4-7

Altars:

Annotations:
D:4 1 transporter, Sin92's ghost, amateur DsFi


Innate Abilities, Weirdness & Mutations

You may rarely emit foul miasma when damaged in melee.
A meltable shield of frost defends you. (SH +4)
Your touch may inflict irresistible damage on your foes.


Message History

You block the orc's attack.
You barely miss the orc.
The orc is severely wounded.
The orc hits you with a +0 flail.
* * * LOW HITPOINT WARNING * * *
You completely miss the orc.
The orc is severely wounded.
The orc closely misses you. You block the orc's attack.
You hit the orc.
The orc is almost dead.
The orc hits you but does no damage.
You hit the orc.
You kill the orc!
h - 4 scrolls of identify (gained 2)
Items here: )) [ †.
There is an open door here.
You open the door.
A gnoll and an endoplasm come into view.
The gnoll shouts!
The endoplasm quivers.
Okay, then.
Okay, then.
A gnoll sergeant and a gnoll come into view.
The gnoll sergeant shouts!
There is an open door here.
A gnoll comes into view. It is wielding a +0 spear.
You block the gnoll's attack.
You feel very mighty all of a sudden. You block the gnoll's attack.
Okay, then.
As you read the scroll of fog, it crumbles to dust.
The scroll dissolves into smoke.
You block the gnoll's attack.
You slash the gnoll sergeant!
The gnoll sergeant is moderately wounded.
The gnoll hits you from afar with a +0 spear.
* * * LOW HITPOINT WARNING * * *
You block the gnoll's attack.
The gnoll sergeant hits you with a +0 trident!
You die...

#.#.# .# #.#.##.#
#...... ##...## #
##.....## ##
##.......## #..
.####......$.§####g.g#.
>.).'........§§§@gJg...
.####$.......§####g...#
## ##.......## #.# #
##.....## ##...## ##+##


You could see a gnoll sergeant, 2 gnolls and an endoplasm.

Vanquished Creatures
  Sigmund (D:3)
  An ogre (D:4)
  A bullfrog (D:4)
  5 adders
  4 dart slugs
  7 orcs
  2 ball pythons (D:1)
  4 bats
  7 endoplasms
  3 giant cockroaches
  10 goblins
  5 hobgoblins
  8 kobolds
  5 frilled lizards
  10 rats
73 creatures vanquished.

Notes
Turn   | Place    | Note
-------+----------+-------------------------------------------
     0 | D:1      | Sin92 the Demonspawn Fighter began the quest for the Orb.
     0 | D:1      | Reached XP level 1. HP: 18/18 MP: 1/1
   205 | D:1      | Gained mutation: You may rarely emit foul miasma when
                  | damaged in melee. [demonic ancestry]
   205 | D:1      | Reached XP level 2. HP: 24/24 MP: 2/2
   287 | D:1      | Found a faded altar of an unknown god.
  1050 | D:2      | Gained mutation: A meltable shield of frost defends you.
                  | (SH +4) [demonic ancestry]
  1050 | D:2      | Reached XP level 3. HP: 11/29 MP: 3/3
  1500 | D:2      | Reached skill level 1 in Dodging
  1695 | D:2      | Gained mutation: Your touch may inflict minor irresistible
                  | damage on your foes. [demonic ancestry]
  1695 | D:2      | Reached XP level 4. HP: 35/35 MP: 4/4
  3066 | D:3      | Noticed Sigmund
  3082 | D:3      | Killed Sigmund
  3083 | D:3      | Reached XP level 5. HP: 13/42 MP: 5/5
  3371 | D:3      | Gained mutation: Your touch may inflict irresistible damage
                  | on your foes. [demonic ancestry]
  3371 | D:3      | Reached XP level 6. HP: 48/48 MP: 6/6
  3808 | D:4      | Found a transporter.
  3812 | D:4      | Noticed Sin92's ghost (amateur DsFi)
  3912 | D:4      | Slain by a gnoll sergeant

Illustrated notes

Levels and vault maps discovered:
D:1:      elethiomel_arrival_shortcut, layout_basic,
          ebering_ecumenical_altar_webs
D:2:      layout_loops_cross
D:3:      layout_basic, kennysheep_generic_room_15, uniq_sigmund
D:4:      layout_loops_corners, nicolae_overflow_hidden_temple,
          gammafunk_ghost_stat_death, nicolae_ossuary_entry_catacombs,
          minmay_shop_enchanted_jewellery

Skill      XL: |  1  2  3  4  5  6 |
---------------+-------------------+-----
Axes           | 2 3 4 |  4.0
Shields        | 3 |  3.6
Dodging        | 1 2 |  2.3
Armour         | 3 |  3.6
Fighting       | 4 |  4.1

Action                   |  1- 3 |  4- 6 || total
-------------------------+-------+-------++-------
Melee: War axe           |   120 |   105 ||   225
  Use: Scroll            |     1 |     4 ||     5
       Potion            |     1 |     3 ||     4
Armor: Scale mail        |    18 |       ||    18
       Chain mail        |    44 |    50 ||    94
Dodge: Dodged            |    55 |    34 ||    89
Block: Buckler           |    37 |    39 ||    76
